 Dungeon Crawl Stone Soup version 0.17.1-3-g152610e (webtiles) character file.

274 DanteCalvez the Magician (level 6, 41/41 HPs)
             Began as a Demonspawn Wizard on Apr 20, 2016.
             Quit the game on level 4 of the Dungeon.
             The game lasted 00:10:16 (4701 turns).

DanteCalvez the Magician (Demonspawn Wizard)        Turns: 4701, Time: 00:10:16

Health: 41/41      AC:  5    Str:  8    XL:     6   Next: 3%
Magic:  12/12      EV:  9    Int: 21    God:
Gold:   225        SH:  4    Dex: 11    Spells: 3 memorised, 7 levels left

rFire  . . .     SeeInvis .     f - +1 dagger
rCold  + . .     Clarity  .     a - +0 robe
rNeg   . . .     SustAt   +     g - -2 shield (curse)
rPois  .         Gourm    .     b - +0 hat
rElec  .         Spirit   .     h - +0 cloak
rCorr  .         Warding  .     (no gloves)
rMut   .         Stasis   .     (no boots)
MR     +....                    (no amulet)
Stlth  ++........               D - ring of sustain attributes
                                y - ring of protection from magic

@: very slightly contaminated, somewhat resistant to hostile enchantments,
unstealthy
A: antennae 1, yellow scales 1, cold resistance 1, demonic guardian 1, freezing
cloud immunity
a: no special abilities


You were on level 4 of the Dungeon.
You were very hungry.

You visited 1 branch of the dungeon, and saw 4 of its levels.

You collected 225 gold pieces.


Innate Abilities, Weirdness & Mutations

You have a pair of small antennae on your head.
You are partially covered in yellow scales (AC +2).
Your flesh is cold resistant.
A weak demonic guardian rushes to your aid.
You are immune to freezing clouds.


   Skills:
 - Level 1.7 Dodging
 - Level 1.7 Stealth
 - Level 0.1 Shields
 + Level 4.4 Spellcasting
 + Level 3.6 Conjurations
 - Level 2.2 Summonings
   Level 0.8 Translocations
 + Level 1.6 Fire Magic


You had 7 spell levels left.
You knew the following spells:

 Your Spells              Type           Power        Failure   Level  Hunger
a - Call Imp              Summ           ##......     56%         2    #......
b - Conjure Flame         Conj/Fire      ###.....     83%         3    ##.....
s - Magic Dart            Conj           ###.         21%         1    None

Inventory:

Hand Weapons
 f - a +1 dagger (weapon)
Armour
 a - a +0 robe (worn)
 b - a +0 hat (worn)
 g - a cursed -2 shield (worn)
 h - a +0 cloak (worn)
 w - a +0 buckler
Jewellery
 y - a ring of protection from magic (left hand)
 D - a ring of sustain attributes (right hand)
Scrolls
 e - a scroll of noise {unknown}
 i - a scroll of amnesia {unknown}
 p - 2 scrolls of enchant weapon
 r - a scroll of magic mapping {unknown}
 s - a scroll of recharging {unknown}
 t - a scroll of fog {unknown}
 u - a scroll of teleportation {unknown}
 v - a scroll of remove curse
Potions
 j - a potion of flight
 m - a potion of agility
 q - a potion of brilliance
Books
 c - a book of Minor Magic

   Spells                             Type                      Level
   a - Magic Dart                     Conjuration                  1
   b - Blink                          Translocation                2
   c - Call Imp                       Summoning                    2
   d - Repel Missiles                 Charms/Air                   2
   e - Slow                           Hexes                        2
   f - Conjure Flame                  Conjuration/Fire             3
   g - Mephitic Cloud                 Conjuration/Poison/Air       3
Comestibles
 d - 3 bread rations
 k - a slice of pizza
 n - 3 meat rations
 x - a royal jelly

Dungeon Overview and Level Annotations

Branches:
Dungeon (4/15)
 Temple: D:4-7

Altars:
Makhleb

#.# #.......................#
#.#######.####.###############
#.......................#
##########.###.########.#
#..##.# #.# ##.##.# #.# #..#.#
#.# ##.#.# #.# #.6.# #.# ##..#
#.# #..# #.# ### #####..## #.#
..# #...)...# #.# #.#
#.......### #.# #.#
#..)...>'.# #.# #'######
#.......#.# #.# .......#
#.......#.# #.#


There were no monsters in sight!


Message History

Done exploring.
Done exploring.
Done exploring.
Done exploring.
Search for what [Enter for "."]? .
Unknown command.
(D) Dungeon
Where to? (Enter - D:4, ? - help)
You are starting to lose your buoyancy.
Search for what [Enter for "."]? shield
There is an open door here.
You are feeling very hungry.
(D) Dungeon
Where to? (Enter - D:4 @ (x,y), ? - help)
You float gracefully downwards.
Your extra speed is starting to run out.
You feel a little less agile now.
(D) Dungeon
Where to? (Enter - D:4 @ (x,y), ? - help)
You feel yourself slow down.
(D) Dungeon
Where to? (Enter - D:4 @ (x,y), ? - help)
You feel a little less clever now.
You feel a little less mighty now.
You see here a shiny shield.
g - a shiny shield Wear which item? (? for menu, Esc to quit)
You finish putting on your cursed -2 shield.
Oops, that feels deathly cold.
Are you sure you want to abandon this character and quit the game? (Confirm with "yes".)

Action                   |  1- 3 |  4- 6 || total
-------------------------+-------+-------++-------
Melee: Dagger            |    15 |    20 ||    35
 Cast: Magic Dart        |   105 |   115 ||   220
       Call Imp          |       |     1 ||     1
  Use: Potion            |       |    11 ||    11
       Scroll            |       |     2 ||     2
  Eat: Chunk             |     3 |     6 ||     9
       Beef jerky        |       |     1 ||     1

Vault maps used:
D:1:      minmay_arrival_shattered_statue, minmay_misc_feat_square, nrook_uturn,
          st_stairs_8
D:4:      makhleb_heckhound_becter, first_bread, nrook_mini_backslash,
          st_stairs_9, uniq_natasha

Notes
Turn   | Place    | Note
--------------------------------------------------------------
     0 | D:1      | DanteCalvez the Demonspawn Wizard began the quest for the Orb.
     0 | D:1      | Reached XP level 1. HP: 13/13 MP: 4/4
   314 | D:1      | Gained mutation: A weak demonic guardian rushes to your aid. [demonic ancestry]
   314 | D:1      | Reached XP level 2. HP: 19/19 MP: 1/6
   916 | D:1      | Reached skill level 2 in Conjurations
  1233 | D:1      | Learned a level 2 spell: Call Imp
  1278 | D:2      | Gained mutation: Your flesh is cold resistant. [demonic ancestry]
  1278 | D:2      | Reached XP level 3. HP: 24/24 MP: 0/8
  2039 | D:2      | Gained mutation: You are partially covered in yellow scales (AC +2). [demonic ancestry]
  2039 | D:2      | Reached XP level 4. HP: 30/30 MP: 3/9
  2147 | D:2      | Reached skill level 3 in Conjurations
  2147 | D:2      | Reached skill level 2 in Summonings
  2152 | D:2      | Learned a level 3 spell: Conjure Flame
  2474 | D:2      | Reached skill level 4 in Spellcasting
  2726 | D:3      | Gained mutation: You have a pair of small antennae on your head. [demonic ancestry]
  2726 | D:3      | Reached XP level 5. HP: 35/35 MP: 7/11
  3849 | D:4      | Noticed Natasha
  3856 | D:4      | Killed Natasha
  3856 | D:4      | Reached skill level 1 in Fire Magic
  3909 | D:4      | Noticed Natasha
  3926 | D:4      | Killed Natasha
  4334 | D:4      | Noticed Natasha
  4335 | D:4      | Killed Natasha
  4381 | D:4      | Found a burning altar of Makhleb.
  4386 | D:4      | Gained mutation: You are immune to freezing clouds. [demonic ancestry]
  4386 | D:4      | Reached XP level 6. HP: 41/41 MP: 0/12
  4701 | D:4      | Quit the game

Vanquished Creatures
  A scorpion (D:4)
  A hound (D:4)
  Natasha (thrice) (D:4)
  5 adders
  4 gnolls (D:2)
  4 worms
  3 giant geckos
  4 orcs (D:4)
  5 bats
  4 goblins
  7 hobgoblins
  5 jackals (D:2)
  3 quokkas
  3 giant cockroaches
  3 giant newts
  11 kobolds
  10 rats
76 creatures vanquished.
